 Dungeon Crawl Stone Soup version 0.20-a0-522-g0b37eee (webtiles) character file.

61 Lahna the Ducker (level 3, 0/18 HPs)
             Began as a Spriggan Warper on Jan 25, 2017.
             Slain by a gnoll
             ... wielding a +0 flail
              (7 damage)
             ... on level 1 of the Dungeon.
             The game lasted 00:06:36 (2375 turns).

Lahna the Ducker (Spriggan Warper)                  Turns: 2375, Time: 00:06:37

Health: 0/18       AC:  2    Str:  7    XL:     3   Next: 83%
Magic:  8/8        EV: 20    Int: 17    God:
Gold:   79         SH:  0    Dex: 16    Spells: 5/7 levels left

rFire    . . .     SeeInvis +   a - +0 short sword
rCold    . . .     Gourm    .   b - +0 robe
rNeg     . . .     Faith    .   (shield restricted)
rPois    .         Spirit   .   (helmet restricted)
rElec    .         Reflect  .   (no cloak)
rCorr    .         Harm     .   (gloves unavailable)
MR       .....                  (boots unavailable)
Stlth    ++........             (no amulet)
Regen    0.1/turn               n - +3 ring of intelligence
                                h - +2 ring of slaying

@: very quick
A: unfitting armour, see invisible, herbivore 3, speed 3, slow metabolism 2
a: no special abilities


You were on level 1 of the Dungeon.
You were not hungry.

You visited 1 branch of the dungeon, and saw 2 of its levels.

You collected 79 gold pieces.

Inventory:

Hand Weapons
 a - a +0 short sword (weapon)
Missiles
 e - 3 tomahawks of dispersal (quivered)
Armour
 b - a +0 robe (worn)
Jewellery
 h - a +2 ring of slaying (left hand)
 n - a +3 ring of intelligence (right hand)
Scrolls
 d - a scroll of blinking
 g - a scroll of amnesia {unknown}
 i - 2 scrolls of remove curse {unknown}
 k - 2 scrolls of fog {unknown}
 o - a scroll of recharging {unknown}
 p - 3 scrolls of immolation {unknown}
 q - a scroll of enchant armour {unknown}
Potions
 j - a potion of agility {unknown}
 l - a potion of resistance {unknown}
 m - a potion of curing {unknown}
Books
 c - a book of Spatial Translocations

   Spells                             Type                      Level
   a - Blink                          Translocation                2
   b - Shroud of Golubria             Charms/Translocation         2
   c - Lesser Beckoning               Translocation                3
   d - Portal Projectile              Translocation                3
   e - Teleport Other                 Translocation                3
   f - Passage of Golubria            Translocation                4
Comestibles
 f - a bread ration


   Skills:
 - Level 2.0 Fighting
 + Level 3.1 Short Blades
 - Level 1.0 Throwing
 - Level 5.1 Dodging
 + Level 1.2 Stealth
 - Level 2.6 Spellcasting
 - Level 4.4 Translocations


You had 5 spell levels left.
You knew the following spells:

 Your Spells              Type           Power        Failure   Level  Hunger
a - Blink                 Tloc           N/A          4%          2    ##.....


Dungeon Overview and Level Annotations

Branches:
Dungeon (2/15)

Altars:


Innate Abilities, Weirdness & Mutations

You are very small and have problems with some larger weapons.
You are too small for most types of armour.
You have supernaturally acute eyesight. (SInv)
You are a herbivore.
You cover ground extremely quickly.
You need consume almost no food.


Message History

The gnoll shouts!
A gnoll comes into view.
There is a stone staircase leading up here.
You climb upwards.
There is a stone staircase leading down here.
You start resting.
HP restored.
You climb downwards.
The gnoll closely misses you. x2
The gnoll hits you with a flail!
Ouch! That really hurt!
* * * LOW HITPOINT WARNING * * *
There is a stone staircase leading up, spattered with blood here.
The gnoll closely misses you.
You climb upwards.
There is a stone staircase leading down here.
The gnoll hits you with a flail.
* * * LOW HITPOINT WARNING * * *
The gnoll misses you.
You open the door. The gnoll hits you with a flail!
You die...

░.░ ░.░ ░░░░░░░░░ ░.░
░.÷.....░░░░ ░.░
░.░░.......░ ░.░
░.░░.......░ ░.░
░)░░.).....░░░ ░.░
░.░░)........░ ░.░
░g░░.........░░░░░░ ░.░
░>@'............... ░.░
░g░░.......░░░░░░░░ ░.░
░.░........░░░░░░░░ ░.░
░.░........░....... ░.░
░.░.░░░░░░░░.░░░░░.
░.░░░░░░░░..................
░.░.........................
░.░░░░░░░.░.░░░░░░░░░.░░░░░░
░.░░░ ░.....░ ░.░ ░░░.


You could see 2 gnolls.

Vanquished Creatures
  An adder (D:2)
  2 dart slugs (D:1)
  2 leopard geckos (D:1)
  2 giant cockroaches (D:1)
  7 goblins
  5 hobgoblins
  7 jackals (D:1)
  7 kobolds
  2 bats (D:1)
  A frilled lizard (D:1)
  5 rats
41 creatures vanquished.

Notes
Turn   | Place    | Note
-------+----------+-------------------------------------------
     0 | D:1      | Lahna the Spriggan Warper began the quest for the Orb.
     0 | D:1      | Reached XP level 1. HP: 10/10 MP: 5/5
   237 | D:1      | Reached skill level 4 in Dodging
   240 | D:1      | Reached XP level 2. HP: 10/14 MP: 6/6
  1058 | D:1      | Reached XP level 3. HP: 13/18 MP: 8/8
  1764 | D:1      | Learned a level 2 spell: Blink
  2141 | D:2      | Reached skill level 5 in Dodging
  2141 | D:2      | Reached skill level 1 in Stealth
  2375 | D:1      | Slain by a gnoll

Vault maps used:
D:1:      tarquinn_simple_flora_water_e, hex_medium, minmay_tromino_mix6

Skill      XL: |  1  2  3 |
---------------+----------+-----
Dodging        | 4 5 |  5.1
Short Blades   | 3 |  3.1
Fighting       | 2 |  2.0
Stealth        | 1 |  1.2
Throwing       | |  1.0
Spellcasting   | |  2.6
Translocations | |  4.4

Action                   || total
-------------------------++-------
Melee: Short sword       ||   160
Throw: Tomahawk          ||     2
 Cast: Blink             ||     1
Armor: Robe              ||    17
Dodge: Dodged            ||   141
